 Dungeon Crawl Stone Soup version 0.23.2-30-g0e89c35649 (webtiles) character file.

Game seed: 6001416118342319639

158 EcosseEcosse the Shield-Bearer (level 5, 0/47 HPs)
             Began as a Minotaur Fighter on June 24, 2019.
             Killed by nerve-wracking pain
             ... invoked by an orc priest
              (10 damage)
             ... on level 3 of the Dungeon.
             The game lasted 00:04:52 (1582 turns).

EcosseEcosse the Shield-Bearer (Minotaur Fighter)   Turns: 1582, Time: 00:04:53

Health: 0/47       AC:  7    Str: 27    XL:     5   Next: 16%
Magic:  4/4        EV:  8    Int:  5    God:
Gold:   180        SH: 10    Dex:  9    Spells: 4/4 levels left

rFire    . . .     SeeInvis .   a - +0 war axe
rCold    . . .     Gourm    .   c - +0 shield
rNeg     . . .     Faith    .   b - +0 scale mail
rPois    .         Spirit   .   (helmet restricted)
rElec    .         Reflect  .   (no cloak)
rCorr    .         Harm     .   (no gloves)
MR       .....                  (no boots)
Stlth    ..........             (no amulet)
HPRegen  0.15/turn              (no ring)
MPRegen  0.09/turn              (no ring)

@: mighty
A: retaliatory headbutt, horns 2
a: no special abilities


You were on level 3 of the Dungeon.
You were not hungry.

You visited 1 branch of the dungeon, and saw 3 of its levels.

You collected 180 gold pieces.

Inventory:

Hand Weapons
 a - a +0 war axe (weapon)
Armour
 b - a +0 scale mail (worn)
 c - a +0 shield (worn)
Jewellery
 l - an uncursed amulet of regeneration {unknown}
 u - an uncursed ring of positive energy {unknown}
Scrolls
 g - 2 scrolls of teleportation
 h - 2 scrolls of fog {unknown}
 i - a scroll of magic mapping {unknown}
 n - 4 scrolls of remove curse {unknown}
 o - 3 scrolls of identify {unknown}
 v - a scroll of random uselessness {unknown}
Potions
 d - a potion of might
 e - a potion of degeneration {unknown}
 j - a potion of agility {unknown}
 k - 3 potions of lignification {unknown}
 m - a potion of ambrosia {unknown}
 p - 2 potions of flight {unknown}
 q - a potion of heal wounds {unknown}
 r - a potion of brilliance {unknown}
 s - a potion of mutation {unknown}
 t - a potion of curing {unknown}
Comestibles
 f - 4 rations


   Skills:
 + Level 4.4 Fighting
 + Level 4.4 Axes
 + Level 4.2 Armour
 + Level 1.1 Dodging
 + Level 4.6 Shields


You had 4 spell levels left.
You didn't know any spells.
Your spell library was empty.

Dungeon Overview and Level Annotations

Branches:
Dungeon (3/15)

Altars:


Innate Abilities, Weirdness & Mutations

You reflexively headbutt those who attack you in melee.
You have a pair of horns on your head.


Message History

You kill the orc wizard!
You have reached level 5!
You closely miss the bat. The bat hits you but does no damage. x2
The orc closely misses you. You block the bat's attack.
You slash the orc!
You kill the orc!
You slash the bat!
You kill the bat!
You completely miss the orc priest.
The orc priest is lightly wounded.
The orc priest closely misses you.
You barely miss the orc priest. Your headbutt misses the orc priest.
The orc priest is lightly wounded.
The orc priest hits you but does no damage.
You slash the orc priest!
The orc priest is severely wounded.
The orc priest invokes the aid of Beogh against you.
Pain shoots through your body!
You die...

#...#.....##.###
#......#....(..#
.#..#........#.#
)..............####
............).....#
###.#######.......#
#...#####.......###### # .
###.#........#...†##.#.#.#.#
.......#..##.#..@o#.b.......
.......##.##.####))#.......#
.......##....# ##.)..>.....
.......####..# #.#.......#
.......# ##.# #...........
######## #.# #...#.......#
## #............
#...#.#.#.#.# #............


You could see an orc priest.

Vanquished Creatures
  An orc wizard (D:3)
  Jessica (D:3)
  2 adders (D:2)
  2 worms
  4 orcs (D:3)
  A ball python (D:1)
  7 giant cockroaches
  8 goblins
  8 hobgoblins
  8 jackals
  4 kobolds
  2 quokkas
  9 bats
  4 frilled lizards
  10 rats
71 creatures vanquished.

Notes
Turn   | Place    | Note
-------+----------+-------------------------------------------
     0 | D:1      | EcosseEcosse the Minotaur Fighter began the quest for the
                  | Orb.
     0 | D:1      | Reached XP level 1. HP: 19/19 MP: 0/0
    90 | D:1      | Reached XP level 2. HP: 22/27 MP: 1/1
   647 | D:2      | Reached XP level 3. HP: 33/33 MP: 2/2
   651 | D:2      | Reached skill level 1 in Dodging
  1211 | D:3      | Reached XP level 4. HP: 36/40 MP: 3/3
  1347 | D:3      | Noticed Jessica
  1353 | D:3      | Killed Jessica
  1577 | D:3      | Reached XP level 5. HP: 9/47 MP: 4/4
  1582 | D:3      | Killed from afar by an orc priest

Skill      XL: |  1  2  3  4 |
---------------+-------------+-----
Axes           | 3 4 |  4.4
Fighting       | 4 |  4.4
Shields        | 4 |  4.6
Dodging        | 1 |  1.1
Armour         | 4 |  4.2

Action                   |  1- 3 |  4- 6 || total
-------------------------+-------+-------++-------
Melee: War axe           |    95 |    46 ||   141
       Headbutt          |    15 |     5 ||    20
  Use: Scroll            |     1 |       ||     1
       Potion            |       |     1 ||     1
  Eat: Chunk             |       |     2 ||     2
Armor: Scale mail        |    46 |    35 ||    81
Dodge: Dodged            |    49 |    27 ||    76
Block: Shield            |    59 |    36 ||    95
